 Dungeon Crawl Stone Soup version 0.26.1-11-gd32895ea62 (webtiles) character file.

Game seed: 15855112253093840202

5951 nomophobia the Protected (level 10, -4/93 HPs)
             Began as a Minotaur Gladiator on May 19, 2021.
             Was a High Priest of Wu Jian.
             Slain by a vampire (9 damage)
             ... on level 9 of the Dungeon.
             The game lasted 01:26:31 (7686 turns).

nomophobia the Protected (Minotaur Gladiator)       Turns: 7686, Time: 01:26:34

Health: -4/93      AC: 22    Str: 24    XL:     10   Next: 54%
Magic:  18/18      EV:  9    Int:  5    God:    Wu Jian [*****.]
Gold:   590        SH:  0    Dex: 12    Spells: 9/9 levels left

rFire    . . .     SeeInvis .   b - +1 war axe of Departure {drain, rC++ MP+9 Str+2}
rCold    + + .     Faith    .   (no shield)
rNeg     + + .     Spirit   .   t - +2 plate armour
rPois    .         Reflect  .   c - +1 hat
rElec    .         Harm     .   q - +0 cloak
rCorr    .         Rampage  .   z - +1 pair of gloves
Will     .....     Rnd*Tele +   (no boots)
Stlth    ..........             (no amulet)
HPRegen  0.25/turn              l - ring of positive energy
MPRegen  0.16/turn              o - ring of positive energy

@: about to teleport, slowed, very slow
A: retaliatory headbutt, horns 2, blink, deterioration 1, teleportitis 1
a: Blink, Renounce Religion, Wall Jump, Serpent's Lash, Heavenly Storm


You were on level 9 of the Dungeon.
You worshipped Wu Jian.
Wu Jian was extremely pleased with you.
You visited 1 branch of the dungeon, and saw 9 of its levels.
You also visited: Sewer.

You collected 590 gold pieces.

Inventory:

Hand Weapons
 b - the +1 war axe of Departure (weapon) {drain, rC++ MP+9 Str+2}
   (You found it in a sewer)

   A truly terrible weapon, it drains the life of those it strikes.
   It affects your strength (+2).
   It greatly protects you from cold.
   It affects your magic capacity (+9).
 D - a +4 war axe
Missiles
 d - 3 throwing nets (quivered)
Armour
 c - a +1 hat (worn)
 q - a +0 cloak (worn)
 t - a +2 plate armour (worn)
 z - a +1 pair of gloves (worn)
Jewellery
 a - an uncursed ring of wizardry
 e - an uncursed ring of wizardry
 j - a +6 ring of dexterity
 l - a ring of positive energy (left hand)
 o - a ring of positive energy (right hand)
Wands
 i - a wand of paralysis (17)
 r - a wand of acid (12)
 C - a wand of disintegration (6)
Scrolls
 h - 6 scrolls of remove curse
 k - 3 scrolls of teleportation
 u - 4 scrolls of immolation
Potions
 f - 2 potions of resistance {unknown}
 g - 3 potions of brilliance {unknown}
 m - 2 potions of heal wounds {unknown}
 n - 6 potions of curing {unknown}
 p - 3 potions of degeneration {unknown}
 s - 3 potions of might {unknown}
 v - 2 potions of haste {unknown}
 x - 2 potions of lignification {unknown}
 A - a potion of ambrosia {unknown}


   Skills:
 + Level 9.8 Fighting
 * Level 10.8 Axes
 - Level 2.0 Throwing
 + Level 12.5 Armour
 - Level 3.2 Dodging


You had 9 spell levels left.
You didn't know any spells.
Your spell library was empty.

Dungeon Overview and Level Annotations

Branches:
Dungeon (9/15)             Temple (0/1) D:6             Orc (0/2) D:9
  Sewer (visited)
   Lair: D:8-11

Altars:
Cheibriados
Dithmenos
Hepliaklqana
Kikubaaqudgha
Makhleb
Nemelex Xobeh
Okawaru
Trog
Wu Jian
Xom
Yredelemnul
The Shining One

Annotations:
D:9 dtburroughs's ghost, novice MiBe


Innate Abilities, Weirdness & Mutations

You reflexively headbutt those who attack you in melee.
You have a pair of horns on your head.
You can translocate small distances at will.
Your body sometimes deteriorates upon taking damage.
You are occasionally teleported next to monsters.


Message History

The freezing wraith drains your vigour!
You feel yourself slow down.
You enter the transporter and appear at another place.
The vampire mosquito bites you but does no damage.
The vampire mosquito bites you.
* * * LOW HITPOINT WARNING * * *
Something hits you but does no damage. Something bites you.
* * * LOW HITPOINT WARNING * * *
The freezing wraith hits you but does no damage.
The freezing wraith hits you.
* * * LOW HITPOINT WARNING * * *
The vampire mosquito barely misses you. Something hits you but does no damage.
Something bites you but does no damage.
As you read the scroll of teleportation, it crumbles to dust.
You feel strangely unstable.
The vampire mosquito bites you but does no damage.
The vampire mosquito bites you.
* * * LOW HITPOINT WARNING * * *
The freezing wraith completely misses you. x2
Something hits you!
You die...

# #..# #...###....)....... # #..#
#.................. # #..#
#..#############... # #..#
#..#.......Wy†©#... # #..#
#..#........y..#... # #..#
#..#.W###.###W{#... # #..#
#..#..#8#.#8#..#... # #..#
##{.#...........#... #####..#
#.y@#.....©.....#©.. .......#
#..W#(..........#... .......#
#...#..#8#.#8#..#...
.####..########..#..###.###..#...
.# #............#.......)...#...
.# #............#...........#.##
.# #............#############.##
.# #.#########................##
.# #.# #..#####..###..####


You could see a freezing wraith, a phantom and a vampire mosquito.

Vanquished Creatures
  Pikel (D:7)
  Maggie (D:8)
  A centaur skeleton (D:7)
  The ghost of ISoar the Destroyer, a novice TeWz of Vehumet (D:6)
  A troll (D:9)
  Grinder (D:5)
  A centaur simulacrum (D:9)
  A wyvern (D:9)
  Menkaure (D:7)
  A vampire mosquito (D:9)
  A water moccasin (D:8)
  2 orc warriors
  3 sky beasts
  An ice beast (D:6)
  3 black bears
  A phantom (D:4)
  2 ogres
  3 centaurs
  A lemure (D:7)
  A big kobold (D:8)
  5 bullfrogs
  Blork the orc (D:5)
  3 scorpions
  3 wights (D:8)
  4 howler monkeys
  A bullfrog zombie (D:6)
  A quasit (D:8)
  3 hounds
  3 jellies
  8 orc priests
  A bullfrog skeleton (D:6)
  8 worker ants
  An iguana (D:6)
  8 orc wizards
  2 hound skeletons
  A worker ant zombie (D:7)
  4 gnolls (D:2)
  12 adders
  4 shadow imps
  4 white imps
  3 ufetubi
  2 oozes (D:5)
  2 adder zombies
  An adder skeleton (D:9)
  3 worms
  3 dart slugs
  9 leopard geckos
  36 orcs
  7 ball pythons
  3 bats
  8 giant cockroaches
  3 hobgoblins
  17 jackals
  4 quokkas
  14 frilled lizards
  8 goblins
  13 kobolds
  A leopard gecko skeleton (D:8)
  12 rats
  A spectral orc (D:2)
255 creatures vanquished.

Notes
Turn   | Place    | Note
-------+----------+-------------------------------------------
     0 | D:1      | nomophobia the Minotaur Gladiator began the quest for the
                  | Orb.
     0 | D:1      | Reached XP level 1. HP: 18/18 MP: 0/0
   199 | D:1      | Reached skill level 1 in Armour
   299 | D:1      | Reached XP level 2. HP: 25/25 MP: 1/1
   787 | D:1      | Reached skill level 2 in Armour
   952 | D:2      | Found a glowing golden altar of the Shining One.
   964 | D:2      | Found an iron altar of Okawaru.
  1062 | D:2      | Reached XP level 3. HP: 30/30 MP: 2/2
  1115 | D:2      | Found an ornate altar of the Wu Jian Council.
  1124 | D:2      | Became a worshipper of the Wu Jian Council
  1151 | D:2      | Gained mutation: Your body sometimes deteriorates upon
                  | taking damage. [potion of mutation]
  1151 | D:2      | Gained mutation: You are occasionally teleported next to
                  | monsters. [potion of mutation]
  1151 | D:2      | Gained mutation: You can translocate small distances at
                  | will. [potion of mutation]
  1158 | D:2      | Reached skill level 3 in Armour
  1162 | D:2      | Reached XP level 4. HP: 8/38 MP: 3/3
  1534 | D:2      | Found a basalt altar of Yredelemnul.
  1733 | D:3      | Found a snail-covered altar of Cheibriados.
  1814 | D:3      | Found a hazy altar of Hepliaklqana.
  1937 | D:3      | Reached skill level 4 in Armour
  1937 | D:3      | Reached XP level 5. HP: 38/46 MP: 4/4
  2001 | D:3      | Reached * piety under Wu Jian
  2305 | D:4      | Found a sparkling altar of Nemelex Xobeh.
  2315 | D:4      | Reached skill level 5 in Axes
  2397 | D:4      | Reached skill level 5 in Armour
  2397 | D:4      | Reached XP level 6. HP: 8/52 MP: 5/5
  3126 | D:5      | Entered Level 5 of the Dungeon
  3295 | D:5      | Reached ** piety under Wu Jian
  3588 | D:5      | Found a glowing drain.
  3604 | Sewer    | Entered a sewer
  3621 | Sewer    | Reached skill level 6 in Armour
  3815 | Sewer    | Reached skill level 5 in Fighting
  3815 | Sewer    | Reached XP level 7. HP: 49/61 MP: 6/6
  3817 | Sewer    | Got an ebony war axe
  3823 | Sewer    | Identified the cursed +1 war axe of Departure {drain, rC++
                  | MP+9 Str+2} (You found it in a sewer)
  3848 | D:5      | Noticed Grinder
  3849 | D:5      | Paralysed by Grinder for 3 turns
  3862 | D:5      | Killed Grinder
  3863 | D:5      | Reached skill level 7 in Armour
  4008 | D:5      | Reached XP level 8. HP: 47/70 MP: 7/7
  4010 | D:5      | Reached *** piety under Wu Jian
  4030 | D:5      | Noticed Blork the orc
  4038 | D:5      | Killed Blork the orc
  4041 | D:5      | Reached skill level 8 in Armour
  4500 | D:6      | Found a staircase to the Ecumenical Temple.
  4589 | D:6      | Found an ancient bone altar of Kikubaaqudgha.
  4589 | D:6      | Found a runed translucent gate.
  4589 | D:6      | Found a runed translucent gate.
  4589 | D:6      | Found a runed translucent gate.
  4597 | D:6      | Noticed ISoar's ghost (novice TeWz)
  4634 | D:6      | Killed ISoar's ghost
  4635 | D:6      | Reached skill level 9 in Armour
  4726 | D:6      | Found a burning altar of Makhleb.
  4867 | D:7      | Reached XP level 9. HP: 50/79 MP: 8/8
  4897 | D:7      | Reached **** piety under Wu Jian
  4898 | D:7      | Reached skill level 10 in Armour
  4991 | D:7      | Noticed Pikel
  5006 | D:7      | Killed Pikel
  5052 | D:7      | Found a shimmering altar of Xom.
  5129 | D:7      | Reached skill level 11 in Armour
  5228 | D:7      | Found a flagged portal.
  5233 | D:7      | Found a shadowy altar of Dithmenos.
  5332 | D:7      | Noticed Menkaure
  5338 | D:7      | Killed Menkaure
  5350 | D:7      | Found a bloodstained altar of Trog.
  5760 | D:8      | Noticed Maggie
  5777 | D:8      | Killed Maggie
  5778 | D:8      | Reached skill level 12 in Armour
  5778 | D:8      | Reached XP level 10. HP: 82/91 MP: 9/9
  6867 | D:9      | Reached skill level 10 in Axes
  6867 | D:9      | Found a staircase to the Orcish Mines.
  6901 | D:9      | Found a transporter.
  6901 | D:9      | Noticed dtburroughs's ghost (novice MiBe)
  6943 | D:9      | Found a transporter.
  6963 | D:9      | Found a bloodstained altar of Trog.
  6993 | D:9      | Reached ***** piety under Wu Jian
  7686 | D:9      | Slain by a vampire

Illustrated notes

Levels and vault maps discovered:
D:1:      psy_arrival_fountain, layout_basic
D:2:      layout_rooms, nzn_wu_jian_contemplation,
          yredelemnul_forgotten_temple_becter,
          chequers_temple_overflow_statue_of_worship
D:3:      layout_basic, kennysheep_slug_shrine, nzn_hepliaklqana_mist_gate
D:4:      layout_cave_pools, nemelex_xobeh_ov_fountains_minmay,
          chequers_serial_rivers_small_b
D:5:      layout_basic, portal_sewer_entry_f, uniq_blork_the_orc, uniq_grinder
D:6:      layout_rooms, overflow_temple_1_default, lightli_temple_of_fire,
          minmay_temple_entry_sparse_star, ebering_ghost_rock_garden
D:7:      layout_loops_cross, overflow_temple_1_default, enter_bailey_1,
          basic_altar, trog_ov_bears_minmay, uniq_menkaure, uniq_pikel
D:8:      layout_layer_cave, serial_park_tiny_pond, uniq_maggie
D:9:      layout_long_grid, david_orc_3, gammafunk_ghost_mausoleum,
          trog_three_pillars_becter

Skill      XL: |  1  2  3  4  5  6  7  8  9 10 |
---------------+-------------------------------+-----
Armour         | 1 2 3 4 5 6 7 9 12 | 12.5
Axes           | 4 5 6 7 9 10 | 10.8
Fighting       | 3 4 5 6 7 9 |  9.8
Throwing       | |  2.0
Dodging        | |  3.2

Action                   |  1- 3 |  4- 6 |  7- 9 | 10-12 || total
-------------------------+-------+-------+-------+-------++-------
Melee: War axe           |    53 |   212 |   250 |   135 ||   650
       Headbutt          |    12 |    31 |    52 |    23 ||   118
Invok: Lunge             |       |    15 |    13 |    14 ||    42
       Whirlwind         |       |     6 |     2 |     4 ||    12
 Abil: Wall Jump         |       |       |       |     1 ||     1
  Use: Scroll            |     1 |     8 |     2 |    10 ||    21
       Potion            |     1 |       |       |       ||     1
Armor: Leather armour    |    16 |    13 |       |       ||    29
       Ring mail         |       |    63 |     3 |       ||    66
       Plate armour      |       |       |   169 |   108 ||   277
Dodge: Dodged            |    51 |   126 |    96 |    56 ||   329
